 Dungeon Crawl Stone Soup version 0.16.1-16-gc44b35d (webtiles) character file.

8121 hulla the Pandemonic (level 11, -2/72 HPs)
             Began as an Octopode Transmuter on Apr 15, 2015.
             Was a High Priest of Makhleb.
             Slain by a komodo dragon (25 damage)
             ... on level 2 of the Lair of Beasts.
             The game lasted 01:30:55 (14067 turns).

hulla the Pandemonic (Octopode Transmuter)         Turns: 14067, Time: 01:30:55

Health: -2/72      AC:  2    Str:  9    XL:     11   Next: 25%
Magic:  24/26      EV: 20    Int: 20    God:    Makhleb [*****.]
Gold:   591        SH:  0    Dex: 17    Spells: 4 memorised, 6 levels left

rFire  + . .     SeeInvis .     q - melded +0 blowgun
rCold  . . .     Clarity  .     (shield currently unavailable)
rNeg   . . .     SustAb   .     (helmet currently unavailable)
rPois  x         Gourm    .     A - amulet of resist corrosion
rElec  .         Spirit   .     n - ring of protection from cold
rCorr  +         Warding  .     s - ring of fire
rMut   .         Stasis   .     (no ring)
MR     .....                    (no ring)
Stlth  ++........               (no ring)
                                (no ring)
                                (no ring)
                                (no ring)

@: spider-form, not resistant to hostile enchantments, unstealthy
A: almost no armour, amphibious, 8 rings, (constrict 8), (camouflage 0),
(gelatinous body 0)
a: End Transformation, Minor Destruction, Lesser Servant of Makhleb, Major
Destruction, Greater Servant of Makhleb, Renounce Religion


You were on level 2 of the Lair of Beasts.
You worshipped Makhleb.
Makhleb was extremely pleased with you.
You were not hungry.
You were a venomous arachnid creature.
You visited 3 branches of the dungeon, and saw 13 of its levels.

You collected 591 gold pieces.

Inventory:

Hand weapons
 a - a +0 hunting sling
 q - a +0 blowgun (melded)
 F - a +0 spear
 I - a +0 short sword
Missiles
 b - 135 arrows
 k - 38 poisoned needles
 l - 79 stones (quivered)
Jewellery
 n - a ring of protection from cold (left front leg)
 s - a ring of fire (right front leg)
 A - an amulet of resist corrosion (around neck)
Magical devices
 L - a wand of fire (11)
Scrolls
 d - a scroll of torment {unknown}
 h - 3 scrolls of identify
 m - 4 scrolls of remove curse
 r - 3 scrolls of teleportation
 v - 2 scrolls of recharging
 x - 2 scrolls of magic mapping
 D - a scroll of amnesia {unknown}
 G - a scroll of enchant armour {unknown}
 R - a scroll of enchant weapon {unknown}
Potions
 c - a potion of invisibility {unknown}
 e - a potion of might
 g - 4 potions of curing
 i - a potion of resistance {unknown}
 p - a potion of brilliance {unknown}
 t - 2 potions of cancellation
 z - 2 potions of haste
 C - 4 potions of berserk rage
 E - a potion of ambrosia {unknown}
 H - 2 potions of lignification {unknown}
 K - a potion of cure mutation {unknown}
 M - a potion of degeneration {unknown}
 P - 4 potions of poison {unknown}
 Q - a potion of agility {unknown}
 S - a potion of magic {unknown}
Books
 u - a book of the Sky

   Spells                             Type                      Level
   a - Flight                         Charms/Air                   3
   b - Airstrike                      Air                          4
   c - Silence                        Hexes/Air                    5
   d - Deflect Missiles               Charms/Air                   6
   e - Conjure Ball Lightning         Conjuration/Air              6
   f - Tornado                        Air                          9
Comestibles
 f - 3 meat rations
 j - a royal jelly
 o - 4 bread rations
 O - 24 fruits
 T - a slice of pizza
 V - 3 chunks of flesh


   Skills:
 + Level 6.2 Fighting
 + Level 2.2 Dodging
 + Level 6.2 Unarmed Combat
 + Level 3.3 Spellcasting
 - Level 7.0 Transmutations
 - Level 5.2 Ice Magic
 - Level 4.3 Poison Magic
 - Level 12.0 Invocations


You had 6 spell levels left.
You knew the following spells:

 Your Spells              Type           Power        Failure   Level  Hunger
a - Beastly Appendage     Trmt           ####..       4%          1    None
b - Spider Form           Trmt/Pois      ####......   14%         3    ###....
c - Sticks to Snakes      Trmt           ####......   6%          2    ##.....
d - Ice Form              Ice/Trmt       ##......     32%         4    ####...


Dungeon Overview and Level Annotations

Branches:
Dungeon (10/15)            Temple (1/1) D:4            Lair (2/8) D:10
    Orc: D:9-12

Altars:
Ashenzari
Cheibriados
Dithmenos
Elyvilon
Fedhas
Gozag
Kikubaaqudgha
Makhleb
Nemelex Xobeh
Okawaru
Qazlal
Ru
Sif Muna
Trog
Vehumet
Xom
Yredelemnul
Zin
The Shining One

Shops:
D:6 !

Annotations:
D:5 EmilioHeskey's ghost, experienced GrFi


Innate Abilities, Weirdness & Mutations

You cannot wear most types of armour.
You are amphibious.
You can wear up to eight rings at the same time.
((You can use your tentacles to constrict many enemies at once.))
((Your skin changes colour to match your surroundings (Stealth).))
((Your rubbery body absorbs attacks (AC +1).))


Message History

Your +0 blowgun melds into your body.
The komodo dragon misses you.
You hit the komodo dragon.
The komodo dragon is moderately wounded.
The komodo dragon is no longer moving slowly.
You hit the komodo dragon but do no damage.
The komodo dragon is poisoned.
The komodo dragon is moderately wounded.
The komodo dragon closely misses you.
You bite the komodo dragon!
The komodo dragon is heavily wounded.
The komodo dragon closely misses you.
You hit the komodo dragon.
The komodo dragon is severely wounded.
The komodo dragon bites you!!
Press: ? - help, v - describe, . - travel The floor.
You hit the komodo dragon.
The komodo dragon looks even sicker.
The komodo dragon is severely wounded.
The komodo dragon bites you!!
You die...

#.#.......
###........
#P.........
##......### ###
##.......#
##.######.....####
#.##...........#
###..........#.##
#..s...........#
##..l....##.###.#
###.......#..8.#
##
#.........#.....#
#..........8.<.8#
#.........#.....#
#.........##.. #
#....##.#..#
#.##.....###


You could see a komodo dragon.

Vanquished Creatures
  Pikel (D:4)
  2 spiny frogs (Lair:1)
  2 komodo dragons (Lair:1)
  A basilisk (D:10)
  A blink frog (Lair:1)
  2 two-headed ogres
  3 hippogriffs (D:7)
  Edmund (D:4)
  An orc warrior (D:4)
  4 porcupines
  A phantom (D:5)
  2 ice beasts
  3 sky beasts
  3 ogres
  A centaur (D:6)
  2 water moccasins (Lair:1)
  2 crocodiles
  5 big kobolds
  6 giant frogs
  2 scorpions
  2 vampire bats (D:2)
  9 crimson imps
  A wight (D:6)
  12 hounds
  2 orc priests (D:6)
  2 goliath beetles
  A giant frog zombie (D:6)
  5 jellies
  A centaur skeleton (D:5)
  5 iguanas
  A giant frog skeleton (D:6)
  2 orc wizards
  8 worker ants
  2 hound zombies
  2 hound skeletons
  Robin (D:4)
  7 gnolls
  15 adders
  12 river rats
  4 giant mites
  4 white imps (D:8)
  3 shadow imps
  3 worms
  An adder zombie (D:9)
  An adder skeleton (D:8)
  2 giant geckos
  An ooze (D:2)
  15 orcs
  A ball python (D:5)
  3 bat skeletons
  3 bat zombies (D:2)
  7 giant cockroaches
  13 goblins
  27 hobgoblins
  4 jackals (D:2)
  9 quokkas
  14 bats
  A giant gecko skeleton (D:4)
  5 giant newts
  25 kobolds
  21 rats
  3 ballistomycetes (D:6)
305 creatures vanquished.

Vanquished Creatures (collateral kills)
  A troll (D:9)
  4 blink frogs (Lair:1)
  2 water moccasins
  A kobold (D:9)
8 creatures vanquished.

Vanquished Creatures (others)
  A smoke demon (Lair:1)
  An ogre (D:4)
  A slave (D:4)
  An orc wizard (D:6)
  An orc (D:4)
  A quokka (D:4)
  2 giant spores (D:6)
  2 ballistomycetes (D:6)
10 creatures vanquished.

Grand Total: 323 creatures vanquished

Notes
Turn   | Place    | Note
--------------------------------------------------------------
     0 | D:1      | hulla, the Octopode Transmuter, began the quest for the Orb.
     0 | D:1      | Reached XP level 1. HP: 13/13 MP: 3/3
   285 | D:1      | Reached XP level 2. HP: 16/18 MP: 4/4
   720 | D:1      | Reached XP level 3. HP: 6/23 MP: 4/6
   725 | D:1      | Learned a level 3 spell: Spider Form
   728 | D:1      | Learned a level 2 spell: Sticks to Snakes
  1510 | D:2      | Reached skill level 1 in Poison Magic
  2030 | D:2      | Reached XP level 4. HP: 28/28 MP: 3/7
  2093 | D:2      | Reached skill level 4 in Transmutations
  2316 | D:2      | Found an ancient bone altar of Kikubaaqudgha.
  2522 | D:2      | Reached XP level 5. HP: 24/33 MP: 9/9
  2829 | D:3      | Found a stormy altar of Qazlal.
  2928 | D:3      | Found an iron altar of Okawaru.
  3340 | D:3      | Reached XP level 6. HP: 36/39 MP: 8/10
  3615 | D:3      | Found a shimmering altar of Xom.
  3896 | D:4      | Found a snail-covered altar of Cheibriados.
  3921 | D:4      | Found a glowing silver altar of Zin.
  4101 | D:4      | Noticed Edmund
  4252 | D:4      | Found a staircase to the Ecumenical Temple.
  4259 | D:4      | Reached XP level 7. HP: 47/47 MP: 12/12
  4266 | D:4      | Learned a level 4 spell: Ice Form
  4450 | D:4      | Found a white marble altar of Elyvilon.
  4453 | D:4      | Noticed Pikel
  4570 | D:4      | Killed Pikel
  4570 | D:4      | Reached skill level 5 in Fighting
  4570 | D:4      | Reached skill level 5 in Unarmed Combat
  4570 | D:4      | Reached XP level 8. HP: 44/56 MP: 10/13
  4673 | D:4      | Reached skill level 1 in Ice Magic
  4908 | D:4      | Killed Edmund
  5030 | Temple   | Entered the Ecumenical Temple
  5172 | Temple   | Became a worshipper of Makhleb the Destroyer
  5427 | D:4      | Noticed Robin
  5438 | D:4      | Killed Robin
  5515 | D:5      | Entered Level 5 of the Dungeon
  5545 | D:5      | Noticed EmilioHeskey's ghost (experienced GrFi)
  5554 | D:5      | Reached skill level 1 in Invocations
  6344 | D:5      | Acquired Makhleb's first power
  6790 | D:5      | Reached skill level 5 in Ice Magic
  7370 | D:6      | Reached XP level 9. HP: 61/61 MP: 11/15
  7636 | D:6      | Found an opulent altar of Gozag.
  7637 | D:6      | Found Thryr Yrug's Distillery.
  7823 | D:6      | Found a radiant altar of Vehumet.
  7876 | D:6      | Reached skill level 5 in Transmutations
  7876 | D:6      | Reached skill level 5 in Invocations
  7886 | D:6      | Acquired Makhleb's second power
  8142 | D:6      | Found a basalt altar of Yredelemnul.
  8343 | D:6      | Found a blossoming altar of Fedhas.
  8786 | D:7      | Reached skill level 6 in Invocations
  9655 | D:8      | Reached skill level 7 in Invocations
  9658 | D:8      | Acquired Makhleb's third power
  9663 | D:8      | Reached XP level 10. HP: 68/68 MP: 15/20
 10027 | D:8      | Found a glowing golden altar of the Shining One.
 10427 | D:9      | Found a deep blue altar of Sif Muna.
 10761 | D:9      | Acquired Makhleb's fourth power
 10845 | D:9      | Reached skill level 8 in Invocations
 11243 | D:10     | Entered Level 10 of the Dungeon
 11428 | D:10     | Reached skill level 9 in Invocations
 11447 | D:10     | Found a staircase to the Lair.
 11478 | Lair:1   | Entered Level 1 of the Lair of Beasts
 12377 | D:10     | Acquired Makhleb's fifth power
 12377 | D:10     | Reached skill level 10 in Invocations
 12543 | Lair:1   | Reached skill level 11 in Invocations
 12549 | Lair:1   | Reached XP level 11. HP: 15/72 MP: 25/25
 13393 | Lair:1   | Reached skill level 12 in Invocations
 14067 | Lair:2   | Slain by a komodo dragon

Action                   |  1- 3 |  4- 6 |  7- 9 | 10-12 || total
-------------------------+-------+-------+-------+-------++-------
Melee: Unarmed           |    81 |    77 |   355 |   322 ||   835
       Spear             |     8 |    23 |       |       ||    31
       Dagger            |       |    74 |     3 |       ||    77
       Staff             |       |       |       |     8 ||     8
 Fire: Hunting sling     |       |       |     4 |       ||     4
       Blowgun           |       |       |       |    33 ||    33
Throw: Stone             |    10 |    12 |     2 |     5 ||    29
       Tomahawk          |       |     8 |    46 |    11 ||    65
 Cast: Beastly Appendage |    16 |    10 |    16 |     6 ||    48
       Spider Form       |     2 |    15 |    33 |    15 ||    65
       Sticks to Snakes  |       |       |    15 |    11 ||    26
       Ice Form          |       |       |    11 |    25 ||    36
Invok: Lesser Servant of |       |       |       |     2 ||     2
 Abil: End Transformatio |       |     3 |     6 |     3 ||    12
  Use: Scroll            |     7 |     6 |     3 |     3 ||    19
       Potion            |       |       |       |     1 ||     1
 Stab: Sleeping          |     1 |     4 |     3 |     3 ||    11
       Distracted        |       |       |     2 |       ||     2
  Eat: Chunk             |     4 |     9 |    19 |    23 ||    55
       Beef jerky        |       |       |     1 |       ||     1
       Meat ration       |       |       |     1 |       ||     1
